AoeStats
← brunol1901

Arena

509684507Analyzed
4v4 RM · 5d ago on Sep 27, 2026· 34m 49s· 8 players
Game mode
Random Map
Map size
Large (8 player)
Population
200
Speed
Normal
Resources
Standard
Victory
Conquest
Starting age
Dark Age
Ending age
Imperial Age
RankedLock teamsTeams togetherTeam positionsShared explorationLock speedFull tech treeHidden civsTurbo modeCheats
Victory
Defeat
🇫🇷 Koreans · France
1764
+11
🇧🇬 Turks · Bulgaria
1730
+13
🇮🇳 Italians · India
1702
+14
🇧🇷 Khmer · Brazil
1531
+21
🇨🇦 Cumans · Canada
1847
-23
🇧🇷 Khmer · Brazil
1679
-16
🇧🇷 Hindustanis · Brazil
1543
-10
🇧🇷 Persians · Brazil
1541
-10
Fs.BlinkAoE
8:55 Feudal Age
9:23 Loom
10:10 Fletching
19:27 Wheelbarrow
18:38 Double-Bit Axe
23:17 Horse Collar
24:14 Town Watch
28:07 Castle Age
27:49 Gold Mining
28:46 Bodkin Arrow
32:07 Hand Cart
34:53 Imperial Age
32:11 Elite Skirmisher
33:38 Gold Shaft Mining
33:27 Padded Archer Armor
34:10 Bow Saw
Fs.Carniça
10:28 Feudal Age
14:26 Castle Age
12:26 Horse Collar
13:21 Double-Bit Axe
15:19 Bow Saw
15:43 Loom
20:44 Heavy Plow
24:18 Wheelbarrow
25:27 Gold Mining
29:32 Imperial Age
27:55 Forging
28:30 Bloodlines
28:20 Husbandry
29:55 Iron Casting
29:25 Scale Barding Armor
30:51 Hand Cart
30:06 Cavalier
32:49 Blast Furnace
32:57 Chain Barding Armor
34:03 Conscription
Floripa
10:11 Feudal Age
9:51 Loom
13:18 Castle Age
11:55 Double-Bit Axe
12:08 Horse Collar
34:35 Wheelbarrow
brunol1901
10:15 Feudal Age
14:35 Castle Age
12:39 Double-Bit Axe
12:52 Horse Collar
15:36 Wheelbarrow
15:36 Bow Saw
18:43 Heavy Plow
26:53 Imperial Age
24:14 Loom
24:22 Gold Mining
24:25 Stone Mining
24:53 Scale Barding Armor
25:05 Forging
25:58 Chain Barding Armor
26:12 Padded Archer Armor
27:27 Leather Archer Armor
28:41 Chemistry
29:00 Ring Archer Armor
30:00 Two-Man Saw
29:54 Chain Barding Armor
29:45 Forging
29:48 Bloodlines
29:39 Husbandry
30:31 Conscription
30:22 Shatagni
30:43 Hand Cart
31:25 Elite Skirmisher
31:58 Fletching
31:54 Heavy Camel Rider
33:11 Plate Barding Armor
32:36 Town Watch
33:04 Bodkin Arrow
33:33 Ballistics
33:18 Imperial Camel Rider
34:54 Bracer
Zni.Locuss
11:36 Feudal Age
15:24 Castle Age
13:23 Double-Bit Axe
13:53 Horse Collar
15:02 Bloodlines
16:03 Scale Barding Armor
23:25 Wheelbarrow
24:19 Heavy Plow
25:31 Bow Saw
25:53 Loom
29:25 Imperial Age
27:10 Fletching
27:42 Ballistics
27:13 Gold Mining
27:48 Bodkin Arrow
28:29 Husbandry
28:33 Padded Archer Armor
30:09 Leather Archer Armor
29:44 Town Watch
30:14 Hand Cart
30:23 Bracer
31:13 Thumb Ring
31:33 Parthian Tactics
32:22 Heavy Cavalry Archer
33:52 Ring Archer Armor
33:59 Gold Shaft Mining
Tremere
10:58 Feudal Age
13:40 Castle Age
11:57 Double-Bit Axe
12:18 Horse Collar
13:25 Loom
14:44 Bow Saw
14:58 Heavy Plow
20:36 Wheelbarrow
26:27 Imperial Age
24:29 Bloodlines
24:20 Husbandry
24:22 Gold Mining
24:57 Scale Barding Armor
24:55 Husbandry
26:10 Forging
26:51 Chain Barding Armor
28:28 Plate Barding Armor
27:46 Elite Battle Elephant
33:00 Iron Casting
32:28 Tusk Swords
31:55 Light Cavalry
34:58 Blast Furnace
33:56 Hussar
Riut
10:51 Feudal Age
11:27 Loom
11:59 Loom
14:59 Castle Age
14:17 Double-Bit Axe
14:25 Fletching
15:58 Bodkin Arrow
27:03 Horse Collar
31:06 Wheelbarrow
33:08 Ballistics
34:26 Bow Saw
35:06 Heavy Plow
Zni.Kark01
10:29 Feudal Age
9:30 Loom
9:56 Loom
15:15 Castle Age
13:27 Stone Mining
21:01 Double-Bit Axe
24:13 Horse Collar
24:47 Town Watch
25:59 Fletching
32:26 Padded Archer Armor
33:28 Bodkin Arrow
33:41 Gold Mining
34:48 Wheelbarrow
Connection lost

Rejoining the realm…

Still unreachable

The connection could not be restored.

Session expired

The server has moved on; the page needs a fresh start.